 Dungeon Crawl Stone Soup version 0.26-a0-466-g989023bd0d (webtiles) character file.

Game seed: 2206436635127359558

2638 pk666 the Thaumaturge (level 9, -3/45 HPs)
             Began as a Deep Elf Hedge Wizard on Aug 11, 2020.
             Slain by a wyvern (8 damage)
             ... on level 6 of the Dungeon.
             The game lasted 00:26:43 (9187 turns).

pk666 the Thaumaturge (Deep Elf Hedge Wizard)       Turns: 9187, Time: 00:26:44

Health: -3/45      AC:  4    Str:  7    XL:     9   Next: 35%
Magic:  0/25       EV: 13    Int: 23    God:
Gold:   452        SH:  0    Dex: 14    Spells: 17/28 levels left

rFire    + . .     SeeInvis .   a - +0 dagger
rCold    . . .     Faith    .   (no shield)
rNeg     . . .     Spirit   +   l - +2 robe {rF+}
rPois    +         Reflect  .   c - +0 hat
rElec    .         Harm     .   (no cloak)
rCorr    .                      (no gloves)
MR       .....                  (no boots)
Stlth    ++........             j - amulet of guardian spirit
HPRegen  0.15/turn              u - ring of poison resistance
MPRegen  0.19/turn              B - ring of wizardry (curse)

@: no status effects
A: no striking features
a: no special abilities


You were on level 6 of the Dungeon.
You visited 1 branch of the dungeon, and saw 7 of its levels.

You collected 452 gold pieces.

Inventory:

Hand Weapons
 a - a +0 dagger (weapon)
Missiles
 r - 6 javelins (quivered)
 z - 6 silver javelins
Armour
 c - a +0 hat (worn)
 l - a +2 robe of fire resistance (worn)
Jewellery
 j - an amulet of guardian spirit (around neck)
 u - a ring of poison resistance (left hand)
 y - an uncursed ring of magical power
 B - a cursed ring of wizardry (right hand)
Wands
 w - a wand of random effects (9)
Scrolls
 d - 7 scrolls of identify
 e - 3 scrolls of remove curse {unknown}
 f - 3 scrolls of teleportation
 g - 3 scrolls of magic mapping
 p - a scroll of blinking {unknown}
 s - a scroll of enchant armour {unknown}
 t - 2 scrolls of immolation {unknown}
 x - a scroll of amnesia {unknown}
 C - a scroll of noise {unknown}
 D - a scroll of fog {unknown}
Potions
 h - a potion of curing
 i - a potion of haste
 k - a potion of lignification
 m - a potion of brilliance
 n - 3 potions of ambrosia
 o - 2 potions of stabbing
 q - 2 potions of might {unknown}
 v - a potion of heal wounds {unknown}
 A - a potion of degeneration {unknown}


   Skills:
 - Level 2.4 Dodging
 - Level 2.4 Stealth
 + Level 10.1 Spellcasting
 + Level 7.6 Conjurations
 - Level 2.0 Summonings
 - Level 2.0 Translocations
 + Level 7.2 Fire Magic
 - Level 3.0 Air Magic
 - Level 2.0 Poison Magic


You had 17 spell levels left.
You knew the following spells:

 Your Spells              Type           Power        Failure   Level
a - Magic Dart            Conj           ####         1%          1
b - Blink                 Tloc           N/A          1%          2
c - Conjure Flame         Conj/Fire      #####...     1%          3
d - Mephitic Cloud        Conj/Pois/Air  ####....     1%          3
e - Call Imp              Summ           ###.....     1%          2

Your spell library contained the following spells:

 Spells                   Type           Power        Failure   Level
 Freeze                   Ice            ##..         2%          1
 Slow                     Hex            ##......     3%          2
 Hailstorm                Conj/Ice       ####....     4%          4
 Frozen Ramparts          Ice            ##....       7%          3
 Ozocubu's Armour         Ice            ##......     7%          3
 Summon Ice Beast         Ice/Summ       ###.....     16%         4


Dungeon Overview and Level Annotations

Branches:
Dungeon (7/15)
 Temple: D:4-7

Altars:
Ashenzari
Kikubaaqudgha
Okawaru
Ru
Sif Muna
Yredelemnul
The Shining One

Annotations:
D:3 2 transporters


Message History

The fire begins to smolder!
Your extra speed is starting to run out.
The fire ignites!
You feel yourself slow down. The wyvern bites you.
* * * LOW HITPOINT WARNING * * *
Magic courses through your body. The wyvern bites you!
* * * LOW HITPOINT WARNING * * *
The wyvern closely misses you.
Casting: Conjure Flame (safe; 1% risk of failure)
Confirm with . or Enter, or press ? or * to list all spells.
A beastly little devil appears in a puff of flame.
The wyvern bites you!
* * * LOW HITPOINT WARNING * * *
The wyvern closely misses you.
Casting: Call Imp (safe; 1% risk of failure)
Confirm with . or Enter, or press ? or * to list all spells.
A beastly little devil appears in a puff of flame.
The wyvern bites you!
You die...

.........'.................l.....
######...###[)#########.#########
#...# ##[## #.# #...####..#
##.##### #...'..##'## #......#
#...#......# #......#
###.#....5.## #..)...###
#.#.......# #........#
########.#......@## #.......####
.........#......l5####.......###^
#....#####......#....##.#....##^^
'....'...#......#....##.####..'.^
#....###'##'######...##.# ####^^
###.........# #...##.# ##.
#.........# #...##.# ##
#........## #...##l# #........#
#...##.#


You could see a wyvern and 2 friendly crimson imps.

Vanquished Creatures
  Pikel (D:5)
  Maggie (D:7)
  Edmund (D:5)
  A water moccasin (D:6)
  An ice beast (D:5)
  An orc warrior (D:6)
  3 sky beasts (D:6)
  A centaur (D:6)
  2 phantoms
  A bullfrog (D:6)
  A big kobold (D:7)
  A scorpion (D:4)
  A howler monkey (D:6)
  A quasit (D:5)
  A hound (D:6)
  2 orc priests
  Jessica (D:2)
  An iguana (D:2)
  7 orc wizards
  4 worker ants
  A killer bee zombie (D:5)
  A hound skeleton (D:5)
  4 gnolls
  2 howler monkey skeletons (D:5)
  11 adders
  A white imp (D:6)
  2 ufetubi
  2 oozes
  An adder skeleton (D:4)
  3 worms
  3 dart slugs
  2 leopard geckos
  11 orcs
  8 giant cockroaches
  5 hobgoblins
  4 jackals (D:5)
  4 kobolds
  2 quokkas
  A ball python (D:3)
  3 bats (D:2)
  7 frilled lizards
  11 goblins
  A quokka skeleton (D:4)
  8 rats
  A spectral orc (D:6)
132 creatures vanquished.

Vanquished Creatures (collateral kills)
  A centaur (D:6)
  A bullfrog (D:6)
  A hound (D:6)
  An orc wizard (D:6)
  An orc priest (D:4)
  A hound zombie (D:5)
  An orc (D:6)
  A quokka (D:6)
8 creatures vanquished.

Vanquished Creatures (others)
  A plant (D:7)
1 creature vanquished.

Grand Total: 141 creatures vanquished

Notes
Turn   | Place    | Note
-------+----------+-------------------------------------------
     0 | D:1      | pk666 the Deep Elf Hedge Wizard began the quest for the
                  | Orb.
     0 | D:1      | Reached XP level 1. HP: 10/10 MP: 7/7
   334 | D:1      | Reached XP level 2. HP: 15/15 MP: 2/9
   351 | D:1      | Learned a level 2 spell: Blink
   747 | D:2      | Reached skill level 5 in Spellcasting
   844 | D:2      | Reached XP level 3. HP: 19/19 MP: 7/11
   849 | D:2      | Learned a level 3 spell: Conjure Flame
   853 | D:2      | Learned a level 3 spell: Mephitic Cloud
   856 | D:2      | Learned a level 2 spell: Call Imp
  1475 | D:2      | Reached XP level 4. HP: 24/24 MP: 0/13
  1615 | D:2      | Reached skill level 1 in Poison Magic
  1698 | D:2      | Reached skill level 1 in Fire Magic
  1747 | D:2      | Noticed Jessica
  1758 | D:2      | Killed Jessica
  1758 | D:2      | Reached skill level 1 in Air Magic
  2158 | D:2      | Reached XP level 5. HP: 19/28 MP: 6/15
  2518 | D:3      | Found a transporter.
  2836 | D:3      | Found a transporter.
  2838 | D:3      | Noticed an ogre
  2851 | D:3      | Found an ancient bone altar of Kikubaaqudgha.
  2852 | D:3      | Found an iron altar of Okawaru.
  2952 | D:3      | Found a faded altar of an unknown god.
  2952 | D:3      | Found a faded altar of an unknown god.
  2957 | D:3      | Found a sacrificial altar of Ru.
  2959 | D:3      | Found a shattered altar of Ashenzari.
  2960 | D:3      | Found a glowing golden altar of the Shining One.
  3345 | D:4      | Reached XP level 6. HP: 27/32 MP: 3/16
  3663 | D:4      | Reached skill level 6 in Spellcasting
  3954 | D:4      | Found a shimmering blue altar of Sif Muna.
  4871 | D:4      | Reached XP level 7. HP: 27/36 MP: 0/19
  5398 | D:5      | Entered Level 5 of the Dungeon
  5452 | D:5      | Reached skill level 7 in Spellcasting
  5545 | D:5      | Noticed Pikel
  5560 | D:5      | Killed Pikel
  5560 | D:5      | Reached skill level 8 in Spellcasting
  5560 | D:5      | Reached skill level 5 in Conjurations
  5560 | D:5      | Reached XP level 8. HP: 41/41 MP: 14/22
  5762 | D:5      | Reached skill level 5 in Fire Magic
  5990 | D:5      | Noticed Edmund
  6106 | D:5      | Killed Edmund
  7084 | D:6      | Reached skill level 9 in Spellcasting
  7533 | D:6      | Reached XP level 9. HP: 45/45 MP: 21/24
  7870 | D:6      | Found a basalt altar of Yredelemnul.
  8297 | D:7      | Noticed Maggie
  9046 | D:7      | Killed Maggie
  9046 | D:7      | Reached skill level 10 in Spellcasting
  9121 | D:7      | HP: 2/45 [wyvern (14)]
  9187 | D:6      | Slain by a wyvern

Illustrated notes

Levels and vault maps discovered:
D:1:      minmay_arrival_stone_box, layout_basic, st_stairs_5, minmay_hedge_maze
D:2:      layout_basic, uniq_jessica
D:3:      layout_rooms, chequers_temple_overflow_minitemple,
          gammafunk_temple_overflow_arena
D:4:      layout_basic, kennysheep_mini
D:5:      layout_basic, uniq_pikel, uniq_edmund
D:6:      layout_basic, yredelemnul_forgotten_temple_becter
D:7:      layout_basic, minmay_temple_entry_overgrown,
          hangedman_abyss_or_decor_stabs, serial_bayou_pond_b,
          kennysheep_another_room, minmay_shattered_shrine, uniq_maggie,
          uniq_duvessa

Skill      XL: |  1  2  3  4  5  6  7  8  9 |
---------------+----------------------------+-----
Conjurations   | 2 3 4 5 7 |  7.6
Spellcasting   | 5 6 8 9 10 | 10.1
Translocations | 2 |  2.0
Poison Magic   | 1 2 |  2.0
Fire Magic     | 1 2 3 4 6 7 |  7.2
Air Magic      | 1 2 3 |  3.0
Summonings     | 2 |  2.0
Dodging        | |  2.4
Stealth        | |  2.4

Action                   |  1- 3 |  4- 6 |  7- 9 || total
-------------------------+-------+-------+-------++-------
Melee: Dagger            |     8 |    10 |     1 ||    19
Throw: Stone             |     6 |       |       ||     6
       Javelin           |       |     9 |    17 ||    26
 Cast: Magic Dart        |    89 |   179 |   241 ||   509
       Call Imp          |     2 |     4 |    28 ||    34
       Mephitic Cloud    |       |     5 |    18 ||    23
       Conjure Flame     |       |     3 |    13 ||    16
       Blink             |       |     2 |     3 ||     5
Evoke: Wand              |       |       |     1 ||     1
  Use: Scroll            |       |     9 |       ||     9
       Potion            |       |       |     5 ||     5
Armor: Robe              |     4 |     7 |    19 ||    30
Dodge: Dodged            |    22 |    28 |    76 ||   126

Table legend: (Time is in decaauts)
 A = Elapsed time spent in this place.
 B = Non-inter-level travel time spent in this place.
 C = Inter-level travel time spent in this place.
 D = Time resting spent in this place.
 E = Time spent auto-exploring this place.
 F = Levels seen in this place.
 G = Mean time per level.
                   A        B        C        D        E       F      G
               +--------+--------+--------+--------+--------+-----+--------+
         Total |   9187 |   8774 |    413 |   3293 |   3972 |   7 | 1312.4 |
       Dungeon |   9187 |   8774 |    413 |   3293 |   3972 |   7 | 1312.4 |
               +--------+--------+--------+--------+--------+-----+--------+

Top non-repeatable levels by time:
     D:4: 2205 daAuts
     D:5: 1672 daAuts
     D:2: 1652 daAuts
     D:6: 1651 daAuts
     D:3: 803 daAuts
     D:1: 745 daAuts
     D:7: 458 daAuts
